 Dungeon Crawl Stone Soup version 0.15.0-11-g6f4f891 (webtiles) character file.

44 Mokocchi the Chopper (level 3, 0/49 HPs)
             Began as a Minotaur Fighter on Aug 31, 2014.
             Killed from afar by a hobgoblin (3 damage)
             ... with a wand of flame
             ... on Level 2 of the Dungeon.
             The game lasted 00:07:03 (1318 turns).

Mokocchi the Chopper (Minotaur Fighter)             Turns: 1318, Time: 00:07:03

HP   0/49        AC 21     Str 20      XL: 3   Next: 41%
MP   2/2         EV  2     Int  5      God:
Gold 82          SH  9     Dex 10      Spells:  0 memorised,  2 levels left

rFire  . . .     SeeInvis .     a - +0 war axe
rCold  . . .     Clarity  .     b - melded +0 scale mail
rNeg   + + +     rCorr    .     c - +0 shield
rPois  +         rRot     .     (helmet restricted)
rElec  .         Spirit   .     f - melded +0 cloak
SustAb .         Warding  .     (gloves currently unavailable)
rMut   .         NoTele   +     (boots currently unavailable)
Gourm  .                        (no amulet)
MR     .....                    (no ring)
                                (no ring)

@: tree-form, not resistant to hostile enchantments, very unstealthy
A: (retaliatory headbutt), (horns 0)
a: no special abilities


You were on level 2 of the Dungeon.
You were not hungry.
You were an animated tree.
You visited 1 branch of the dungeon, and saw 2 of its levels.

You collected 82 gold pieces.

Inventory:

Hand weapons
 a - a +0 war axe (weapon)
Missiles
 m - 5 poisoned needles
Armour
 b - a +0 scale mail (melded)
 c - a +0 shield (worn)
 f - a +0 cloak (melded)
Magical devices
 k - a wand of digging (10) {unknown}
Comestibles
 d - a bread ration
 l - a slice of pizza
Scrolls
 h - a scroll of identify {unknown}
Jewellery
 o - an uncursed ring of protection from fire {unknown}
Potions
 e - a potion of might
 g - a potion of heal wounds {unknown}
 i - 2 potions of lignification
 j - a potion of poison {unknown}


   Skills:
 - Level 3.7 Fighting
 + Level 4.2 Axes
 - Level 3.8 Armour
 - Level 0.2 Dodging
 - Level 3.8 Shields


You had 2 spell levels left.
You didn't know any spells.

Dungeon Overview and Level Annotations

Branches:
Dungeon (2/15)

Altars:
Elyvilon
Vehumet


Innate Abilities, Weirdness & Mutations

((You reflexively headbutt those who attack you in melee.))
((You have a pair of horns on your head.))


Message History

The hobgoblin shouts!
The hobgoblin zaps a wand.
The puff of flame hits you!
You start resting.
The hobgoblin zaps a wand.
The puff of flame hits you!
Your shield and scale mail prevent you from hitting the hobgoblin.
The hobgoblin zaps a wand.
The puff of flame hits you!
* * * LOW HITPOINT WARNING * * *
You hit the hobgoblin but do no damage.
The hobgoblin zaps a wand.
The puff of flame hits you!
* * * LOW HITPOINT WARNING * * *
The hobgoblin hits you but does no damage.
You hit the hobgoblin. Your headbutt misses the hobgoblin.
The hobgoblin is heavily wounded.
The hobgoblin hits you but does no damage.
Drink which item? (? for menu, Esc to quit)
You turn into an animated tree.
Your +0 cloak melds into your body.
Your +0 scale mail melds into your body.
Your roots penetrate the ground.
It was a potion of lignification.
The hobgoblin zaps a wand.
The puff of flame hits you!
You die...

**********,,,,...,****,***
*,,,,,,,,,,,,,#..,* *,*
*,*********,,,...,* *,*
*,* ****#.#** *,* *,* #.#
*,* *,* #.# *,* *,* #.#
*,* *,* #g######.# ** *,*
#.♣.>....# *, *,*
#..####### *,
*,**###########..# #,
*,,,.............# #####.
****##########...# #.....
#.#.# #.#### #.#.## ####
#.# #....###..#####.####
#..................#


You could see a hobgoblin.

Vanquished Creatures
  An adder (D:2)
  2 giant geckos (D:1)
  An ooze (D:2)
  2 giant cockroaches (D:1)
  6 goblins
  2 hobgoblins (D:1)
  A kobold (D:2)
  2 quokkas (D:2)
  10 bats
  4 giant newts (D:1)
  2 rats
33 creatures vanquished.

Notes
Turn   | Place    | Note
--------------------------------------------------------------
     0 | D:1      | Mokocchi, the Minotaur Fighter, began the quest for the Orb.
     0 | D:1      | Reached XP level 1. HP: 19/19 MP: 1/1
   162 | D:1      | Reached XP level 2. HP: 27/27 MP: 1/1
   950 | D:2      | Found a white marble altar of Elyvilon.
   976 | D:2      | Reached XP level 3. HP: 30/33 MP: 2/2
  1057 | D:2      | Reached skill level 4 in Axes
  1303 | D:2      | Found a radiant altar of Vehumet.
  1318 | D:2      | Killed from afar by a hobgoblin

Action                   || total
-------------------------++-------
Melee: War axe           ||    99
  Use: Scroll            ||     3
       Potion            ||     1
  Eat: Chunk             ||     1
